Map: Orbital Shipyard

Players

Tool

  • Race: Terran Terran
  • League: Master

Lowko - Winner!

  • Race: Zerg Zerg
  • League: Master

VOD

Have the link to the VOD?

Description

Time

  • Played on: Dec. 7, 2015, 1:45 p.m.
  • Length: 8:12
Show
View Real Time Build Order
Export as new Build Order

Tool Terran 

Build Orders: Reaper Expand, MMM Bio 

Get SALT Encoding   

  12  0:00  SCV  
  13  0:12  SCV  
  14  0:18  Supply Depot  
  14  0:24  SCV  
  15  0:39  SCV  
  15  0:40  Barracks  
  16  0:46  Refinery  
  16  0:52  SCV  
  17  1:04  SCV  
  18  1:16  SCV  
  19  1:30  Orbital Command  
  19  1:31  Reaper  
  20  1:42  Command Center  
  20  1:48  Refinery  
  20  1:56  SCV, Supply Depot  
  21  2:03  Barracks Reactor  
  22  2:08  SCV  
  22  2:22  SCV  
  23  2:24  Factory  
  23  2:34  SCV  
  24  2:40  Marine  
  24  2:41  Marine  
  26  2:46  SCV  
  27  2:54  Orbital Command  
  28  2:58  SCV  
  28  3:02  Marine x2  
  30  3:08  Factory Tech Lab  
  30  3:09  Starport  
  30  3:10  SCV  
  31  3:20  Marine x2  
  31  3:21  SCV  
  31  3:22  SCV  
  35  3:28  Siege Tank  
  38  3:34  SCV  
  38  3:37  SCV  
  38  3:38  Marine x2  
  42  3:43  Supply Depot  
  42  3:47  SCV  
  43  3:49  Medivac  
  43  3:55  SCV  
  46  4:02  Bunker  
  46  4:04  Siege Tank, Marine x2  
  46  4:08  Supply Depot  
  51  4:10  Supply Depot  
  51  4:13  SCV x2  
  51  4:16  Engineering Bay  
  53  4:25  SCV  
  53  4:28  Refinery x2  
  53  4:30  SCV, Medivac  
  57  4:32  Barracks  
  57  4:36  Barracks  
  57  4:37  SCV  
  58  4:42  SCV, Siege Tank  
  62  4:49  SCV  
  62  4:50  Supply Depot  
  63  4:54  SCV  
  64  5:03  Supply Depot  
  64  5:05  Medivac  
  64  5:06  SCV x2  
  68  5:10  Supply Depot  
  68  5:14  Siege Tank  
  68  5:19  Barracks Tech Lab  
  71  5:23  SCV x2  
  73  5:30  Terran Infantry Weapons Level 1  
  73  5:31  Barracks Tech Lab, Marine  
  73  5:32  Marine  
  73  5:35  SCV x2  
  77  5:40  Medivac  
  79  5:43  Marine  
  79  5:45  Stimpack  
  79  5:47  Supply Depot, SCV x2  
  79  5:49  Marine x2  
  83  5:55  Marine  
  85  6:01  Combat Shields, Marine  
  86  6:07  Marine x2  
  88  6:13  Marine  
  88  6:15  Siege Tank  
  88  6:16  SCV  
  93  6:18  Supply Depot  
  93  6:19  Marine  
  93  6:25  Marine x2  
  96  6:29  Medivac  
  96  6:30  Marine  
  99  6:36  Supply Depot  
  99  6:37  Supply Depot, Marine  
  100  6:43  Marine x2  
  102  6:48  Marine  
  103  6:55  Marine  
  103  6:58  Supply Depot x2  
  103  6:59  Supply Depot  
  103  7:01  Marine x2  
  106  7:06  Marine  
  107  7:12  Marine  
  108  7:18  Marine x2  
  108  7:21  Siege Tank  
  113  7:24  Marine  
  114  7:30  Marine  
  114  7:33  Barracks  
  114  7:34  Barracks  
  114  7:36  Marine x2  
  117  7:42  Marine  
  118  7:48  Marine  
  119  7:54  Marine x2  
Show
View Real Time Build Order
Export as new Build Order

Lowko Zerg - Winner!

Build Orders: Hatch First, Zergling Roach Ravager 

Get SALT Encoding   

  12  0:01  Drone  
  13  0:12  Overlord  
  13  0:18  Drone  
  14  0:31  Drone x2  
  14  0:35  Drone  
  17  0:53  Hatchery  
  17  0:55  Drone  
  17  1:02  Drone  
  18  1:07  Drone  
  18  1:10  Extractor  
  18  1:19  Spawning Pool  
  18  1:21  Drone  
  18  1:29  Drone  
  19  1:40  Overlord  
  19  1:52  Drone  
  21  2:01  Drone  
  21  2:06  Queen x2  
  25  2:09  Zergling x2  
  25  2:12  Zergling x2  
  25  2:13  Metabolic Boost  
  27  2:19  Drone  
  28  2:23  Drone  
  28  2:28  Drone  
  30  2:35  Drone  
  31  2:39  Drone  
  31  2:41  Queen  
  31  2:44  Overlord  
  34  2:48  Drone  
  34  3:03  Drone x2  
  36  3:06  Overlord  
  36  3:10  Drone  
  37  3:15  Drone x3  
  37  3:17  Drone x2  
  43  3:20  Drone  
  43  3:21  Overlord  
  43  3:26  Drone  
  44  3:36  Overlord  
  44  3:37  Extractor  
  44  3:38  Overlord  
  44  3:39  Roach Warren  
  43  3:43  Hatchery  
  43  3:44  Drone  
  43  3:45  Drone  
  44  3:50  Extractor  
  44  3:51  Drone  
  44  3:52  Extractor  
  44  3:53  Drone x4  
  44  3:54  Drone  
  48  4:01  Overlord  
  48  4:06  Overlord  
  48  4:07  Zergling x2  
  50  4:10  Zergling x2  
  50  4:17  Zergling x2  
  50  4:21  Roach x3  
  57  4:25  Roach x2  
  57  4:26  Drone  
  57  4:27  Drone  
  63  4:32  Drone  
  63  4:37  Overlord  
  64  4:41  Drone  
  64  4:44  Queen  
  67  4:46  Drone  
  67  4:52  Drone x4  
  72  5:00  Drone x4  
  72  5:03  Overlord  
  72  5:05  Drone  
  72  5:07  Extractor  
  76  5:09  Lair  
  76  5:12  Evolution Chamber  
  76  5:13  Evolution Chamber  
  74  5:15  Drone x3  
  77  5:26  Zergling x4  
  77  5:27  Zergling x6  
  82  5:33  Drone x2  
  82  5:34  Drone x3  
  87  5:37  Zerg Ground Armor Level 1  
  87  5:44  Zerg Missile Weapons Level 1  
  87  5:46  Drone x3  
  87  5:49  Extractor  
  89  5:50  Extractor  
  87  5:58  Overlord  
  87  5:59  Zergling x12  
  87  6:02  Drone  
  94  6:09  Drone  
  94  6:10  Drone x2  
  97  6:13  Glial Reconstitution  
  97  6:15  Roach x3  
  103  6:19  Drone  
  104  6:27  Ravager x3  
  104  6:28  Ravager x2  
  104  6:30  Hatchery  
  108  6:33  Roach  
  108  6:34  Roach x5  
  108  6:35  Overlord  
  108  6:36  Overlord x2  
  120  6:44  Overseer  
  120  6:46  Overlord  
  132  6:54  Roach x6  
  132  7:02  Roach x5  
  132  7:03  Roach x2  
  132  7:04  Overlord  
  132  7:08  Overlord  
  146  7:11  Roach x2  
  150  7:18  Overlord x2  
  150  7:28  Roach  
  150  7:29  Roach x5  
  162  7:34  Overlord x3  
  162  7:35  Overseer  
  162  7:37  Ravager x4  
  162  7:38  Ravager x5  
  162  7:42  Zergling x4  
  173  7:44  Drone x6  
  179  7:53  Zergling x6  
  179  7:54  Zergling x4  
Tags
 
Add a new tag
Caveats
  • Supply blocks, unpowered buildings, or Contaminate may cause inaccurate times.
  • Supply counts are checked every 10 seconds.